 Dungeon Crawl Stone Soup version 0.18.1-2-ga659475 (webtiles) character file.

1250 Dynast the Conjurer (level 8, -1/53 HPs)
             Began as a Formicid Ice Elementalist on May 7, 2016.
             Was a Follower of Elyvilon.
             Slain by an ice beast (7 damage)
             ... on level 6 of the Dungeon.
             The game lasted 00:23:09 (2323 turns).

Dynast the Conjurer (Formicid Ice Elementalist)     Turns: 2323, Time: 00:23:09

Health: -1/53      AC:  2    Str: 13    XL:     8   Next: 80%
Magic:  3/16       EV: 12    Int: 17    God:    Elyvilon [*.....]
Gold:   97         SH:  0    Dex: 11    Spells: 4 memorised, 8 levels left

rFire  . . .     SeeInvis +     a - +0 dagger (venom)
rCold  + . .     Gourm    .     m - +0 robe
rNeg   . . .     Faith    .     (no shield)
rPois  .         Spirit   .     (helmet unavailable)
rElec  .         Dismiss  .     (no cloak)
rCorr  .         Reflect  .     (no gloves)
SustAt .         Harm     .     (no boots)
MR     +....                    (no amulet)
Stlth  ++........               v - ring of protection from magic
                                r - ring of protection from cold

@: somewhat resistant to hostile enchantments, unstealthy
A: permanent stasis, dig shafts and tunnels, four strong arms, antennae 3
a: Dig, Shaft Self, Lesser Healing, Divine Protection, Renounce Religion


You were on level 6 of the Dungeon.
You worshipped Elyvilon.
Elyvilon was aware of your devotion.
You were hungry.

You visited 1 branch of the dungeon, and saw 6 of its levels.

You collected 154 gold pieces.
You spent 57 gold pieces at shops.

Inventory:

Hand Weapons
 a - a +0 dagger of venom (weapon)
 b - a +0 hunting sling
 w - a +1 rapier of speed
Missiles
 d - 46 sling bullets
 q - 89 stones (quivered)
 y - a throwing net
Armour
 m - a +0 robe (worn)
Jewellery
 r - a ring of protection from cold (left hand)
 u - an uncursed ring of fire
 v - a ring of protection from magic (right hand)
Scrolls
 e - a scroll of teleportation {unknown}
 g - a scroll of random uselessness {unknown}
 h - a scroll of fear
 i - a scroll of recharging {unknown}
 j - a scroll of enchant armour {unknown}
 p - 3 scrolls of remove curse
 s - a scroll of fog
 t - a scroll of enchant weapon {unknown}
Potions
 l - a potion of magic
 o - a potion of resistance
 z - a potion of ambrosia
Books
 n - a book of Frost

   Spells                             Type                      Level
   a - Freeze                         Ice                          1
   b - Throw Frost                    Conjuration/Ice              2
   c - Ozocubu's Armour               Charms/Ice                   3
   d - Throw Icicle                   Conjuration/Ice              4
   e - Summon Ice Beast               Ice/Summoning                4
Comestibles
 c - 6 bread rations
 f - 2 meat rations
 k - 2 beef jerkies
 x - a slice of pizza
 A - a chunk of flesh


   Skills:
 + Level 0.4 Fighting
 - Level 1.7 Dodging
 - Level 2.4 Stealth
 + Level 5.9 Spellcasting
 + Level 6.1 Conjurations
 - Level 5.6 Ice Magic


You had 8 spell levels left.
You knew the following spells:

 Your Spells              Type           Power        Failure   Level  Hunger
a - Freeze                Ice            ###.         1%          1    None
b - Throw Frost           Conj/Ice       ####..       1%          2    None
c - Ozocubu's Armour      Chrm/Ice       ##......     14%         3    ##.....
d - Throw Icicle          Conj/Ice       ####....     14%         4    ####...


Dungeon Overview and Level Annotations

Branches:
Dungeon (6/15)
 Temple: D:4-7

Altars:
Elyvilon
Yredelemnul
The Shining One

Shops:
D:5 %*(


Innate Abilities, Weirdness & Mutations

You are under a permanent stasis effect.
You can dig through walls and to a lower floor.
Your four strong arms can wield two-handed weapons with a shield.
You have a pair of large antennae on your head (SInv).


Message History

You are too injured to fight recklessly!
You are too injured to fight recklessly!
Your icy armour starts to melt.
Your magical contamination has completely faded away.
You are too injured to fight recklessly!
Your icy armour evaporates.
The ice beast looks more healthy.
You hit the ice beast but do no damage.
The ice beast is poisoned.
The ice beast is almost dead.
The ice beast hits you.
* * * LOW HITPOINT WARNING * * *
The ice beast freezes you. You resist.
* * * LOW HITPOINT WARNING * * *
Unknown command.
You hit the ice beast but do no damage.
The ice beast is almost dead.
The ice beast hits you.
* * * LOW HITPOINT WARNING * * *
The ice beast freezes you! You resist.
You die...

..................
####.......###.#.)..
#.........Z......#
#...####.###...###
#... #......#####
#...# #####......#
#....## ##......###.
#.....# #...........
#@# #.......###.
#Y#####.......#
#Z.......######
#...<....#
#........#
#........#
#........#
##########


You could see an ice beast and an adder skeleton.

Vanquished Creatures
  Grinder (D:5)
  3 ogres
  A centaur (D:5)
  A scorpion (D:5)
  A howler monkey (D:4)
  A crimson imp (D:6)
  4 hounds
  2 orc priests (D:5)
  7 orc wizards
  5 worker ants
  2 howler monkey skeletons (D:4)
  5 adders
  An ooze (D:2)
  2 adder skeletons
  A worm (D:3)
  2 dart slugs
  A giant gecko (D:3)
  10 orcs
  3 bats
  3 giant cockroaches
  2 goblins
  5 hobgoblins
  A giant gecko zombie (D:5)
  5 kobolds
  6 rats
  A spectral orc (D:3)
76 creatures vanquished.

Notes
Turn   | Place    | Note
--------------------------------------------------------------
     0 | D:1      | Dynast the Formicid Ice Elementalist began the quest for the Orb.
     0 | D:1      | Reached XP level 1. HP: 13/13 MP: 3/3
    46 | D:1      | Found a glowing golden altar of the Shining One.
   192 | D:1      | Reached XP level 2. HP: 17/19 MP: 1/5
   279 | D:1      | Learned a level 2 spell: Throw Frost
   411 | D:2      | Reached XP level 3. HP: 24/24 MP: 3/7
   412 | D:2      | Found a white marble altar of Elyvilon.
   422 | D:2      | Became a worshipper of Elyvilon the Healer
   793 | D:4      | Noticed an ogre
   804 | D:4      | Killed an ogre
   804 | D:4      | Reached XP level 4. HP: 23/30 MP: 1/10
   804 | D:4      | Reached XP level 5. HP: 27/35 MP: 1/11
   880 | D:3      | Found a basalt altar of Yredelemnul.
   937 | D:4      | Noticed an ogre
   971 | D:4      | Killed an ogre
   971 | D:4      | Reached XP level 6. HP: 29/41 MP: 3/13
   990 | D:3      | Reached skill level 5 in Spellcasting
  1049 | D:3      | Learned a level 3 spell: Ozocubu's Armour
  1054 | D:3      | Learned a level 4 spell: Throw Icicle
  1231 | D:4      | Reached * piety under Elyvilon
  1348 | D:4      | Reached skill level 5 in Ice Magic
  1381 | D:4      | Reached XP level 7. HP: 42/46 MP: 5/15
  1409 | D:5      | Entered Level 5 of the Dungeon
  1492 | D:5      | Found Plog's Weapon Shop.
  1497 | D:5      | Found Wejiynat's General Store.
  1516 | D:5      | Bought a +0 dagger of venom for 57 gold pieces
  1550 | D:5      | Found Vuleb's Food Emporium.
  1607 | D:5      | Reached skill level 2 in Conjurations
  1731 | D:5      | Reached skill level 3 in Conjurations
  1776 | D:5      | Reached XP level 8. HP: 18/52 MP: 2/16
  1792 | D:5      | HP: 1/52 [orc/short sword (7)]
  1878 | D:5      | Reached skill level 4 in Conjurations
  2009 | D:5      | Noticed Grinder
  2044 | D:5      | Killed Grinder
  2044 | D:5      | Reached skill level 5 in Conjurations
  2271 | D:6      | Reached skill level 6 in Conjurations
  2323 | D:6      | Slain by an ice beast

Skill      XL: |  1  2  3  4  5  6  7  8 |
---------------+-------------------------+-----
Spellcasting   | 3 4 5 |  5.9
Ice Magic      | 4 5 |  5.6
Conjurations   | 3 6 |  6.1
Fighting       | |  0.4
Dodging        | |  1.7
Stealth        | |  2.4

Action                   |  1- 3 |  4- 6 |  7- 9 || total
-------------------------+-------+-------+-------++-------
Melee: Unarmed           |     2 |       |       ||     2
       Dagger            |       |       |    83 ||    83
       Rapier            |       |       |     7 ||     7
 Fire: Hunting sling     |    28 |    36 |    46 ||   110
Throw: Throwing net      |       |       |     2 ||     2
 Cast: Freeze            |    27 |    17 |    42 ||    86
       Throw Frost       |     5 |    10 |    18 ||    33
       Ozocubu's Armour  |       |     2 |     6 ||     8
       Throw Icicle      |       |       |     3 ||     3
Invok: Lesser Healing    |       |       |    21 ||    21
 Abil: Dig               |     3 |    15 |     2 ||    20
  Use: Scroll            |     3 |     2 |     3 ||     8
       Potion            |       |     2 |       ||     2
 Stab: Held in net/web   |       |       |     1 ||     1
       Sleeping          |       |       |     1 ||     1
  Eat: Chunk             |       |     4 |     8 ||    12
Armor: Robe              |     5 |    12 |    26 ||    43
Dodge: Dodged            |    17 |    17 |    77 ||   111
